[ PARTIDA AOE2 · #478412535 ]
UnrankedBritanos vs Maya
[ ANÁLISIS DE REPETICIÓN · EXTRAÍDO DE LA PARTIDA GRABADA ]
Feudal
12:04
Castillos
15:36
Imperial
32:54
| APM promedio | 45.3 |
| APM pico | 87 |
| eAPM promedio | 25.9 |
| Aldeanos / militares | 196 / 125 |
Foco
⚔️ 40.3% · 🌾 59.7%
Longbowman ×95 · Spearman ×27 · Trade Cart ×10 · Trebuchet (Packed) ×3
Feudal
8:59
Castillos
21:19
Imperial
36:54
| APM promedio | 56.3 |
| APM pico | 107 |
| eAPM promedio | 26.3 |
| Aldeanos / militares | 142 / 154 |
Foco
⚔️ 41.5% · 🌾 58.5%
Archer ×77 · Plumed Archer ×76 · Trade Cart ×32 · Militia ×1
Feudal
8:51
Castillos
20:47
Imperial
33:22
| APM promedio | 42.3 |
| APM pico | 98 |
| eAPM promedio | 26.4 |
| Aldeanos / militares | 166 / 141 |
Foco
⚔️ 39.4% · 🌾 60.6%
Mangudai ×95 · Trade Cart ×34 · Scout Cavalry ×26 · Mangonel ×15 · Scorpion ×2 · Camel Scout ×2
Feudal
10:35
Castillos
14:07
Imperial
29:21
| APM promedio | 33.1 |
| APM pico | 80 |
| eAPM promedio | 17.8 |
| Aldeanos / militares | 140 / 223 |
Foco
⚔️ 24.7% · 🌾 75.3%
Knight ×209 · Trade Cart ×30 · Trebuchet (Packed) ×10 · Monk ×3 · Spearman ×1
Feudal
10:31
Castillos
14:23
Imperial
29:39
| APM promedio | 46.3 |
| APM pico | 98 |
| eAPM promedio | 32.6 |
| Aldeanos / militares | 190 / 5 |
Foco
⚔️ 31.6% · 🌾 68.4%
Unknown (1949) ×203 · Trade Cart ×47 · Militia ×4 · Monk ×1
Feudal
10:11
Castillos
13:41
Imperial
28:29
| APM promedio | 40.3 |
| APM pico | 85 |
| eAPM promedio | 24.3 |
| Aldeanos / militares | 128 / 216 |
Foco
⚔️ 20.3% · 🌾 79.7%
Battle Elephant ×208 · Trade Cart ×16 · Trebuchet (Packed) ×4 · Mangonel ×3 · Scout Cavalry ×1
Feudal
8:37
Castillos
19:55
Imperial
34:55
| APM promedio | 58.9 |
| APM pico | 94 |
| eAPM promedio | 25.5 |
| Aldeanos / militares | 158 / 134 |
Foco
⚔️ 31.4% · 🌾 68.6%
Mangudai ×100 · Trade Cart ×24 · Knight ×22 · Scout Cavalry ×12
Feudal
9:08
Castillos
20:54
Imperial
33:58
| APM promedio | 42.9 |
| APM pico | 89 |
| eAPM promedio | 29.3 |
| Aldeanos / militares | 217 / 84 |
Foco
⚔️ 45.7% · 🌾 54.3%
Archer ×61 · Trade Cart ×37 · Spearman ×20 · Bombard Cannon ×3
Mapa de la partida
Recursos iniciales + cada clic de construcción. Líneas = muros · curvas = relieve. ◆ oro · ⬟ piedra · ● bayas · ✦ reliquia · ◌ hueco del cierre
Tu base· ✓ Cerrada en 15:36 · 0t muro · sin puerta
Base de 整点幽默的· Abierta — flanco sin cerrar
Base de 白龍· ✓ Cerrada en 20:47 · 22t muro · 3 puerta(s)
Base de Mo_Tastic· Abierta — flanco sin cerrar
Base de tovra fans· ✓ Cerrada en 14:23 · 0t muro · sin puerta
Base de Freidle· Abierta — flanco sin cerrar
Base de 整点没气质的· Abierta — flanco sin cerrar
Base de 騎豬打仗· ✓ Cerrada en 20:54 · 0t muro · sin puerta
Terreno inicial suavizado · ◌ = hueco del cierre detectado · pasá el cursor para detalles
Inputs por minuto
— OnlyOuOb - - 整点幽默的
Build order — OnlyOuOb
Primeras 150 de 502 acciones detectadas
| 0:02 | Crear | Villager (Male) |
| 0:03 | Crear | Villager (Male) |
| 0:04 | Construir | House |
| 0:06 | Construir | House |
| 0:09 | Crear | Villager (Male) |
| 0:10 | Crear | Villager (Male) |
| 0:10 | Crear | Villager (Male) |
| 0:57 | Investigar | Loom |
| 1:17 | Crear | Villager (Male) |
| 1:18 | Crear | Villager (Male) |
| 1:49 | Crear | Villager (Male) |
| 1:50 | Construir | Lumber Camp |
| 2:07 | Crear | Villager (Male) |
| 2:08 | Crear | Villager (Male) |
| 2:14 | Investigar | Loom |
| 2:14 | Investigar | Loom |
| 2:29 | Crear | Villager (Male) |
| 3:17 | Crear | Villager (Male) |
| 3:21 | Crear | Villager (Male) |
| 3:21 | Crear | Villager (Male) |
| 3:57 | Crear | Villager (Male) |
| 3:58 | Crear | Villager (Male) |
| 4:12 | Crear | Villager (Male) |
| 4:31 | Construir | House |
| 4:39 | Investigar | Loom |
| 4:47 | Crear | Villager (Male) |
| 5:10 | Crear | Villager (Male) |
| 5:32 | Construir | House |
| 5:33 | Construir | House |
| 5:34 | Crear | Villager (Male) |
| 6:02 | Construir | Mill |
| 6:04 | Crear | Villager (Male) |
| 6:25 | Crear | Villager (Male) |
| 6:47 | Crear | Villager (Male) |
| 7:05 | Crear | Villager (Male) |
| 7:17 | Crear | Villager (Male) |
| 7:52 | Construir | Lumber Camp |
| 8:03 | Crear | Villager (Male) |
| 8:31 | Investigar | Feudal Age |
| 8:32 | Investigar | Feudal Age |
| 8:34 | Crear | Villager (Male) |
| 9:16 | Construir | Mining Camp |
| 9:21 | Crear | Villager (Male) |
| 9:38 | Construir | Farm |
| 9:54 | Investigar | Feudal Age |
| 10:06 | Construir | Farm |
| 11:14 | Crear | Villager (Male) |
| 11:14 | Crear | Villager (Male) |
| 12:04 | Edad | Edad Feudal |
| 12:05 | Construir | Blacksmith |
| 12:06 | Construir | Market |
| 12:10 | Crear | Villager (Male) |
| 12:56 | Investigar | Castle Age |
| 12:56 | Investigar | Castle Age |
| 13:06 | Investigar | Horse Collar |
| 13:06 | Investigar | Horse Collar |
| 13:23 | Construir | Farm |
| 14:37 | Investigar | Fletching |
| 14:37 | Investigar | Fletching |
| 14:39 | Investigar | Double-Bit Axe |
| 14:39 | Investigar | Double-Bit Axe |
| 15:36 | Edad | Edad de los Castillos |
| 15:37 | Crear | Villager (Male) |
| 15:43 | Construir | Castle |
| 15:47 | Crear | Villager (Male) |
| 15:54 | Investigar | Fletching |
| 15:54 | Investigar | Fletching |
| 16:16 | Construir | Farm |
| 16:19 | Construir | Farm |
| 16:21 | Construir | Farm |
| 16:24 | Crear | Villager (Male) |
| 16:25 | Crear | Villager (Male) |
| 16:41 | Investigar | Bodkin Arrow |
| 16:41 | Investigar | Bodkin Arrow |
| 16:48 | Construir | House |
| 16:55 | Construir | Lumber Camp |
| 17:07 | Crear | Villager (Male) |
| 17:11 | Crear | Longbowman |
| 17:11 | Crear | Longbowman |
| 17:12 | Crear | Longbowman |
| 17:21 | Crear | Longbowman |
| 17:21 | Crear | Longbowman |
| 17:22 | Crear | Longbowman |
| 17:22 | Crear | Longbowman |
| 17:24 | Crear | Villager (Male) |
| 17:24 | Crear | Villager (Male) |
| 17:36 | Construir | Farm |
| 17:37 | Crear | Villager (Male) |
| 17:37 | Crear | Villager (Male) |
| 17:37 | Crear | Villager (Male) |
| 17:44 | Crear | Longbowman |
| 17:49 | Crear | Villager (Male) |
| 18:11 | Crear | Longbowman |
| 18:16 | Crear | Villager (Male) |
| 18:16 | Crear | Villager (Male) |
| 18:41 | Construir | Town Center |
| 18:45 | Crear | Longbowman |
| 18:45 | Crear | Longbowman |
| 18:49 | Crear | Villager (Male) |
| 18:53 | Crear | Villager (Male) |
| 18:57 | Construir | Farm |
| 18:58 | Construir | Farm |
| 19:00 | Construir | Farm |
| 19:01 | Crear | Villager (Male) |
| 19:01 | Crear | Villager (Male) |
| 19:07 | Crear | Longbowman |
| 19:10 | Crear | Villager (Male) |
| 19:15 | Crear | Longbowman |
| 19:22 | Crear | Villager (Male) |
| 19:24 | Crear | Villager (Male) |
| 19:47 | Crear | Longbowman |
| 19:51 | Crear | Villager (Male) |
| 19:52 | Crear | Villager (Male) |
| 19:55 | Construir | University |
| 20:10 | Investigar | Bow Saw |
| 20:11 | Investigar | Bow Saw |
| 20:14 | Crear | Villager (Male) |
| 20:19 | Construir | Farm |
| 20:22 | Construir | Farm |
| 20:24 | Construir | Farm |
| 20:25 | Crear | Longbowman |
| 20:26 | Crear | Villager (Male) |
| 20:27 | Crear | Villager (Male) |
| 20:30 | Construir | Farm |
| 20:32 | Construir | Farm |
| 20:36 | Construir | House |
| 20:37 | Construir | House |
| 20:37 | Construir | House |
| 20:41 | Crear | Longbowman |
| 20:42 | Crear | Longbowman |
| 20:51 | Crear | Villager (Male) |
| 20:51 | Crear | Villager (Male) |
| 20:53 | Crear | Villager (Male) |
| 20:57 | Crear | Longbowman |
| 21:03 | Construir | Farm |
| 21:12 | Crear | Longbowman |
| 21:13 | Crear | Villager (Male) |
| 21:14 | Crear | Villager (Male) |
| 21:25 | Crear | Longbowman |
| 21:42 | Crear | Villager (Male) |
| 21:52 | Crear | Villager (Male) |
| 21:54 | Construir | Farm |
| 22:19 | Crear | Villager (Male) |
| 22:33 | Investigar | Ballistics |
| 22:33 | Investigar | Ballistics |
| 22:38 | Crear | Villager (Male) |
| 22:40 | Investigar | Gold Mining |
| 22:40 | Investigar | Gold Mining |
| 22:42 | Crear | Villager (Male) |
| 22:42 | Crear | Villager (Male) |
Build order — 整点幽默的
Primeras 150 de 519 acciones detectadas
| 0:01 | Crear | Villager (Male) |
| 0:04 | Construir | House |
| 0:05 | Construir | House |
| 0:09 | Investigar | Loom |
| 0:16 | Crear | Villager (Male) |
| 0:16 | Crear | Villager (Male) |
| 0:21 | Crear | Villager (Male) |
| 1:17 | Crear | Villager (Male) |
| 1:54 | Construir | Lumber Camp |
| 1:59 | Crear | Villager (Male) |
| 1:59 | Crear | Villager (Male) |
| 2:22 | Crear | Villager (Male) |
| 2:22 | Crear | Villager (Male) |
| 2:56 | Crear | Villager (Male) |
| 2:56 | Crear | Villager (Male) |
| 3:08 | Crear | Villager (Male) |
| 3:08 | Crear | Villager (Male) |
| 3:37 | Construir | House |
| 3:48 | Crear | Villager (Male) |
| 3:48 | Crear | Villager (Male) |
| 3:50 | Crear | Villager (Male) |
| 3:50 | Crear | Villager (Male) |
| 4:33 | Crear | Villager (Male) |
| 4:33 | Crear | Villager (Male) |
| 4:37 | Crear | Villager (Male) |
| 4:37 | Crear | Villager (Male) |
| 4:39 | Construir | Mining Camp |
| 5:00 | Crear | Villager (Male) |
| 5:00 | Crear | Villager (Male) |
| 5:53 | Crear | Villager (Male) |
| 6:11 | Crear | Villager (Male) |
| 6:47 | Investigar | Feudal Age |
| 7:19 | Construir | House |
| 7:51 | Construir | Barracks |
| 7:54 | Crear | Villager (Male) |
| 8:59 | Edad | Edad Feudal |
| 9:06 | Construir | Archery Range |
| 9:11 | Construir | Archery Range |
| 9:17 | Crear | Villager (Male) |
| 9:47 | Crear | Villager (Male) |
| 10:04 | Crear | Archer |
| 10:04 | Crear | Archer |
| 10:07 | Construir | House |
| 10:08 | Crear | Villager (Male) |
| 10:12 | Construir | Blacksmith |
| 10:40 | Crear | Archer |
| 10:40 | Crear | Archer |
| 10:52 | Construir | House |
| 10:55 | Crear | Archer |
| 10:55 | Crear | Archer |
| 10:55 | Crear | Archer |
| 10:58 | Crear | Villager (Male) |
| 10:59 | Crear | Villager (Male) |
| 11:17 | Construir | Mill |
| 11:25 | Crear | Archer |
| 11:25 | Crear | Archer |
| 11:38 | Crear | Villager (Male) |
| 11:51 | Crear | Archer |
| 11:54 | Crear | Villager (Male) |
| 12:15 | Investigar | Fletching |
| 12:15 | Investigar | Fletching |
| 12:15 | Investigar | Fletching |
| 12:22 | Construir | House |
| 12:23 | Crear | Archer |
| 12:23 | Crear | Archer |
| 12:24 | Crear | Villager (Male) |
| 12:24 | Crear | Villager (Male) |
| 12:27 | Construir | Farm |
| 12:39 | Crear | Archer |
| 12:39 | Crear | Archer |
| 12:39 | Crear | Archer |
| 12:57 | Construir | House |
| 12:58 | Crear | Archer |
| 12:58 | Crear | Archer |
| 12:59 | Crear | Villager (Male) |
| 13:13 | Crear | Villager (Male) |
| 13:13 | Crear | Villager (Male) |
| 13:14 | Construir | Farm |
| 13:16 | Crear | Archer |
| 13:17 | Crear | Archer |
| 13:25 | Construir | House |
| 13:35 | Crear | Archer |
| 13:35 | Crear | Archer |
| 13:39 | Construir | House |
| 13:45 | Crear | Villager (Male) |
| 13:48 | Crear | Archer |
| 13:59 | Construir | Farm |
| 14:11 | Crear | Villager (Male) |
| 14:13 | Construir | Farm |
| 14:26 | Construir | House |
| 14:39 | Crear | Villager (Male) |
| 14:52 | Construir | Farm |
| 14:57 | Crear | Villager (Male) |
| 15:04 | Construir | House |
| 15:17 | Construir | Farm |
| 15:18 | Crear | Villager (Male) |
| 15:25 | Crear | Archer |
| 15:27 | Crear | Archer |
| 15:48 | Crear | Villager (Male) |
| 16:01 | Construir | Farm |
| 16:06 | Crear | Villager (Male) |
| 16:18 | Investigar | Wheelbarrow |
| 16:35 | Construir | Farm |
| 16:57 | Construir | Farm |
| 17:23 | Construir | Farm |
| 17:31 | Crear | Villager (Male) |
| 17:37 | Construir | Farm |
| 18:39 | Investigar | Castle Age |
| 18:40 | Investigar | Castle Age |
| 18:56 | Construir | Lumber Camp |
| 19:09 | Investigar | Horse Collar |
| 19:15 | Investigar | Double-Bit Axe |
| 19:15 | Investigar | Double-Bit Axe |
| 19:15 | Investigar | Double-Bit Axe |
| 19:21 | Construir | Lumber Camp |
| 20:31 | Investigar | Gold Mining |
| 20:50 | Crear | Archer |
| 20:50 | Crear | Archer |
| 21:11 | Crear | Villager (Male) |
| 21:19 | Edad | Edad de los Castillos |
| 21:22 | Investigar | Bodkin Arrow |
| 21:23 | Investigar | Crossbowman (upgrade) |
| 21:23 | Investigar | Crossbowman (upgrade) |
| 21:39 | Construir | House |
| 21:40 | Crear | Villager (Male) |
| 21:46 | Construir | University |
| 21:53 | Crear | Villager (Male) |
| 21:56 | Crear | Archer |
| 21:56 | Crear | Archer |
| 22:11 | Construir | Town Center |
| 22:15 | Crear | Villager (Male) |
| 22:17 | Construir | House |
| 22:34 | Crear | Villager (Male) |
| 22:46 | Construir | House |
| 23:11 | Investigar | Ballistics |
| 23:21 | Construir | House |
| 23:27 | Crear | Villager (Male) |
| 23:30 | Investigar | Town Watch |
| 23:37 | Crear | Villager (Male) |
| 23:49 | Crear | Villager (Male) |
| 23:51 | Crear | Villager (Male) |
| 24:05 | Crear | Villager (Male) |
| 24:08 | Construir | House |
| 24:10 | Crear | Villager (Male) |
| 24:14 | Crear | Archer |
| 24:14 | Crear | Archer |
| 24:43 | Crear | Villager (Male) |
| 24:45 | Construir | Archery Range |
| 24:46 | Construir | Farm |
| 24:46 | Construir | Farm |
Build order — 白龍
Primeras 150 de 559 acciones detectadas
| 0:00 | Crear | Villager (Male) |
| 0:00 | Crear | Villager (Male) |
| 0:01 | Crear | Villager (Male) |
| 0:02 | Construir | House |
| 0:03 | Construir | House |
| 0:28 | Crear | Villager (Male) |
| 0:28 | Crear | Villager (Male) |
| 1:16 | Crear | Villager (Male) |
| 1:16 | Crear | Villager (Male) |
| 1:43 | Crear | Villager (Male) |
| 1:43 | Crear | Villager (Male) |
| 2:19 | Crear | Villager (Male) |
| 2:20 | Crear | Villager (Male) |
| 2:26 | Construir | Lumber Camp |
| 2:35 | Crear | Villager (Male) |
| 2:36 | Crear | Villager (Male) |
| 2:46 | Crear | Villager (Male) |
| 2:51 | Crear | Villager (Male) |
| 2:51 | Crear | Villager (Male) |
| 3:08 | Crear | Villager (Male) |
| 3:09 | Crear | Villager (Male) |
| 3:22 | Crear | Villager (Male) |
| 3:26 | Construir | House |
| 3:26 | Construir | House |
| 4:13 | Crear | Villager (Male) |
| 4:13 | Crear | Villager (Male) |
| 4:39 | Crear | Villager (Male) |
| 4:39 | Crear | Villager (Male) |
| 5:01 | Construir | Mill |
| 5:09 | Crear | Villager (Male) |
| 6:08 | Investigar | Feudal Age |
| 6:11 | Investigar | Loom |
| 6:18 | Investigar | Feudal Age |
| 7:14 | Construir | Barracks |
| 7:49 | Crear | Villager (Male) |
| 8:37 | Construir | Palisade Wall |
| 8:41 | Construir | Palisade Wall |
| 8:47 | Construir | Palisade Wall |
| 8:48 | Construir | Palisade Wall |
| 8:51 | Edad | Edad Feudal |
| 8:55 | Investigar | Double-Bit Axe |
| 9:02 | Construir | Stable |
| 9:03 | Investigar | Horse Collar |
| 9:04 | Crear | Villager (Male) |
| 9:17 | Construir | Farm |
| 9:19 | Construir | Farm |
| 9:22 | Construir | House |
| 9:29 | Crear | Villager (Male) |
| 9:44 | Crear | Villager (Male) |
| 9:48 | Crear | Scout Cavalry |
| 9:49 | Crear | Scout Cavalry |
| 9:56 | Construir | House |
| 9:59 | Construir | Palisade Gate |
| 10:02 | Construir | Palisade Wall |
| 10:06 | Construir | Palisade Wall |
| 10:08 | Crear | Villager (Male) |
| 10:14 | Construir | Farm |
| 10:16 | Construir | Farm |
| 10:27 | Construir | Palisade Wall |
| 10:28 | Crear | Scout Cavalry |
| 10:41 | Crear | Scout Cavalry |
| 10:43 | Crear | Villager (Male) |
| 11:05 | Crear | Villager (Male) |
| 11:08 | Construir | Farm |
| 11:11 | Construir | Farm |
| 11:17 | Crear | Scout Cavalry |
| 11:29 | Construir | Watch Tower |
| 11:34 | Crear | Villager (Male) |
| 11:41 | Crear | Villager (Male) |
| 11:46 | Construir | Farm |
| 11:56 | Construir | Mining Camp |
| 12:08 | Construir | Stone Wall |
| 12:10 | Construir | Stone Wall |
| 12:11 | Construir | Stone Wall |
| 12:14 | Crear | Villager (Male) |
| 12:17 | Construir | Farm |
| 12:24 | Construir | House |
| 12:30 | Crear | Scout Cavalry |
| 12:37 | Construir | Gate |
| 12:38 | Construir | Stone Wall |
| 12:46 | Investigar | Wheelbarrow |
| 13:37 | Construir | Stone Wall |
| 14:03 | Crear | Villager (Male) |
| 14:18 | Construir | House |
| 14:22 | Crear | Villager (Male) |
| 14:29 | Construir | Mining Camp |
| 14:38 | Construir | Farm |
| 14:39 | Construir | Farm |
| 14:44 | Construir | Farm |
| 14:49 | Construir | Farm |
| 15:06 | Construir | Watch Tower |
| 15:09 | Crear | Villager (Male) |
| 15:09 | Crear | Villager (Male) |
| 15:10 | Crear | Villager (Male) |
| 15:45 | Construir | Gate |
| 16:16 | Crear | Villager (Male) |
| 16:26 | Construir | House |
| 16:37 | Construir | Farm |
| 16:40 | Construir | Farm |
| 16:42 | Crear | Villager (Male) |
| 16:56 | Construir | Blacksmith |
| 17:17 | Crear | Villager (Male) |
| 17:27 | Construir | Stone Wall |
| 17:36 | Crear | Villager (Male) |
| 17:53 | Investigar | Castle Age |
| 17:53 | Investigar | Castle Age |
| 18:04 | Construir | House |
| 18:24 | Investigar | Gold Mining |
| 18:45 | Construir | House |
| 19:12 | Construir | House |
| 19:37 | Crear | Villager (Male) |
| 19:44 | Construir | House |
| 20:47 | Edad | Edad de los Castillos |
| 20:51 | Construir | Town Center |
| 20:52 | Investigar | Bow Saw |
| 20:53 | Investigar | Heavy Plow |
| 20:57 | Construir | Town Center |
| 21:01 | Crear | Villager (Male) |
| 21:16 | Crear | Villager (Male) |
| 21:22 | Construir | Lumber Camp |
| 21:44 | Crear | Villager (Male) |
| 22:06 | Crear | Villager (Male) |
| 22:14 | Crear | Villager (Male) |
| 22:16 | Crear | Villager (Male) |
| 22:18 | Crear | Villager (Male) |
| 22:30 | Construir | Siege Workshop |
| 22:32 | Crear | Villager (Male) |
| 22:34 | Construir | Farm |
| 22:36 | Construir | Farm |
| 22:39 | Construir | Farm |
| 22:39 | Crear | Villager (Male) |
| 22:43 | Crear | Villager (Male) |
| 22:47 | Construir | House |
| 22:48 | Construir | House |
| 22:49 | Construir | House |
| 22:51 | Crear | Villager (Male) |
| 22:54 | Crear | Villager (Male) |
| 23:11 | Construir | House |
| 23:11 | Crear | Villager (Male) |
| 23:15 | Construir | Market |
| 23:18 | Investigar | Hand Cart |
| 23:21 | Construir | Farm |
| 23:23 | Construir | Farm |
| 23:25 | Construir | Farm |
| 23:26 | Construir | Farm |
| 23:27 | Crear | Villager (Male) |
| 23:29 | Construir | Farm |
| 23:32 | Crear | Villager (Male) |
| 23:33 | Crear | Villager (Male) |
| 23:44 | Crear | Mangonel |
Build order — Mo_Tastic
Primeras 150 de 410 acciones detectadas
| 0:01 | Crear | Villager (Male) |
| 0:02 | Crear | Villager (Male) |
| 0:02 | Crear | Villager (Male) |
| 0:03 | Construir | House |
| 0:05 | Construir | House |
| 0:07 | Construir | House |
| 0:44 | Crear | Villager (Male) |
| 0:44 | Crear | Villager (Male) |
| 1:24 | Crear | Villager (Male) |
| 1:24 | Crear | Villager (Male) |
| 1:47 | Construir | Lumber Camp |
| 2:02 | Crear | Villager (Male) |
| 2:02 | Crear | Villager (Male) |
| 2:24 | Crear | Villager (Male) |
| 2:54 | Crear | Villager (Male) |
| 2:54 | Crear | Villager (Male) |
| 3:09 | Crear | Villager (Male) |
| 3:26 | Construir | House |
| 3:48 | Crear | Villager (Male) |
| 3:49 | Crear | Villager (Male) |
| 3:58 | Construir | House |
| 4:14 | Crear | Villager (Male) |
| 4:25 | Construir | Mill |
| 4:40 | Crear | Villager (Male) |
| 4:40 | Crear | Villager (Male) |
| 4:40 | Crear | Villager (Male) |
| 5:13 | Crear | Villager (Male) |
| 5:32 | Construir | Mining Camp |
| 5:40 | Crear | Villager (Male) |
| 5:42 | Crear | Villager (Male) |
| 5:42 | Crear | Villager (Male) |
| 6:12 | Crear | Villager (Male) |
| 6:23 | Crear | Villager (Male) |
| 6:39 | Crear | Villager (Male) |
| 7:16 | Construir | House |
| 7:17 | Construir | House |
| 8:22 | Investigar | Feudal Age |
| 8:28 | Construir | Barracks |
| 9:35 | Crear | Villager (Male) |
| 10:29 | Construir | Farm |
| 10:35 | Edad | Edad Feudal |
| 10:36 | Construir | Stable |
| 10:39 | Crear | Villager (Male) |
| 10:43 | Construir | Blacksmith |
| 11:02 | Construir | Farm |
| 11:18 | Construir | Farm |
| 11:27 | Investigar | Castle Age |
| 11:28 | Investigar | Castle Age |
| 11:38 | Construir | Farm |
| 11:44 | Construir | Farm |
| 12:02 | Investigar | Double-Bit Axe |
| 12:03 | Investigar | Double-Bit Axe |
| 12:31 | Crear | Spearman |
| 12:34 | Construir | Palisade Wall |
| 12:46 | Construir | Palisade Wall |
| 13:00 | Construir | House |
| 13:01 | Construir | House |
| 14:02 | Crear | Villager (Male) |
| 14:07 | Edad | Edad de los Castillos |
| 14:08 | Construir | Town Center |
| 14:11 | Crear | Knight |
| 14:19 | Construir | Monastery |
| 14:29 | Crear | Villager (Male) |
| 14:46 | Investigar | Bow Saw |
| 15:04 | Crear | Villager (Male) |
| 15:05 | Crear | Knight |
| 15:11 | Crear | Villager (Male) |
| 15:26 | Investigar | Loom |
| 15:29 | Crear | Villager (Male) |
| 16:00 | Construir | Farm |
| 16:03 | Construir | Farm |
| 16:05 | Construir | Farm |
| 16:06 | Construir | Farm |
| 16:11 | Crear | Villager (Male) |
| 16:14 | Crear | Monk |
| 16:15 | Crear | Villager (Male) |
| 16:16 | Crear | Villager (Male) |
| 16:20 | Construir | Farm |
| 16:21 | Construir | Farm |
| 16:23 | Construir | Farm |
| 16:27 | Construir | Farm |
| 16:44 | Crear | Villager (Male) |
| 16:44 | Crear | Villager (Male) |
| 16:55 | Crear | Villager (Male) |
| 17:13 | Crear | Villager (Male) |
| 17:23 | Crear | Villager (Male) |
| 17:24 | Construir | Town Center |
| 17:25 | Crear | Villager (Male) |
| 17:44 | Crear | Villager (Male) |
| 17:45 | Crear | Villager (Male) |
| 17:48 | Construir | Farm |
| 17:49 | Construir | Farm |
| 17:50 | Construir | Farm |
| 17:53 | Construir | House |
| 17:55 | Crear | Villager (Male) |
| 18:13 | Crear | Villager (Male) |
| 18:18 | Construir | Farm |
| 18:19 | Construir | Farm |
| 18:21 | Crear | Villager (Male) |
| 18:29 | Construir | Farm |
| 18:30 | Construir | Farm |
| 18:30 | Crear | Villager (Male) |
| 18:42 | Construir | Lumber Camp |
| 18:48 | Crear | Villager (Male) |
| 18:55 | Crear | Villager (Male) |
| 19:06 | Crear | Villager (Male) |
| 19:10 | Construir | Farm |
| 19:12 | Construir | Farm |
| 19:14 | Crear | Villager (Male) |
| 19:14 | Crear | Villager (Male) |
| 19:24 | Crear | Villager (Male) |
| 19:25 | Crear | Villager (Male) |
| 19:35 | Construir | Farm |
| 19:37 | Construir | Farm |
| 19:38 | Crear | Villager (Male) |
| 19:47 | Crear | Villager (Male) |
| 19:50 | Crear | Monk |
| 19:55 | Crear | Villager (Male) |
| 19:59 | Construir | Farm |
| 20:01 | Construir | Farm |
| 20:03 | Construir | Farm |
| 20:06 | Investigar | Scale Barding Armor |
| 20:18 | Crear | Villager (Male) |
| 20:18 | Crear | Villager (Male) |
| 20:22 | Crear | Villager (Male) |
| 20:23 | Crear | Villager (Male) |
| 20:26 | Construir | House |
| 20:27 | Construir | House |
| 20:30 | Construir | House |
| 20:31 | Construir | House |
| 20:33 | Construir | House |
| 20:35 | Crear | Villager (Male) |
| 20:50 | Investigar | Wheelbarrow |
| 20:50 | Investigar | Wheelbarrow |
| 20:55 | Crear | Villager (Male) |
| 21:03 | Crear | Villager (Male) |
| 21:06 | Construir | Town Center |
| 21:08 | Crear | Villager (Male) |
| 21:11 | Crear | Villager (Male) |
| 21:24 | Crear | Villager (Male) |
| 21:27 | Crear | Knight |
| 21:33 | Crear | Villager (Male) |
| 21:36 | Crear | Villager (Male) |
| 21:43 | Construir | Farm |
| 21:46 | Construir | Farm |
| 21:47 | Construir | Farm |
| 21:52 | Crear | Villager (Male) |
| 22:01 | Crear | Knight |
| 22:01 | Crear | Knight |
| 22:18 | Construir | Market |
Build order — tovra fans
Primeras 150 de 668 acciones detectadas
| 0:01 | Crear | Villager (Male) |
| 0:01 | Crear | Villager (Male) |
| 0:01 | Crear | Villager (Male) |
| 0:01 | Crear | Villager (Male) |
| 0:03 | Construir | House |
| 0:04 | Construir | House |
| 1:28 | Crear | Villager (Male) |
| 1:28 | Crear | Villager (Male) |
| 1:28 | Crear | Villager (Male) |
| 2:01 | Crear | Villager (Male) |
| 2:10 | Crear | Villager (Male) |
| 2:12 | Construir | Lumber Camp |
| 2:47 | Crear | Villager (Male) |
| 3:11 | Crear | Villager (Male) |
| 3:36 | Crear | Villager (Male) |
| 3:52 | Construir | House |
| 3:55 | Crear | Villager (Male) |
| 4:08 | Crear | Villager (Male) |
| 4:54 | Construir | Mill |
| 4:57 | Crear | Villager (Male) |
| 5:11 | Crear | Villager (Male) |
| 5:12 | Crear | Villager (Male) |
| 5:43 | Crear | Villager (Male) |
| 5:49 | Construir | House |
| 6:02 | Crear | Villager (Male) |
| 6:23 | Crear | Villager (Male) |
| 6:30 | Crear | Villager (Male) |
| 6:56 | Crear | Villager (Male) |
| 7:16 | Construir | House |
| 8:04 | Construir | Mining Camp |
| 8:09 | Construir | Mining Camp |
| 8:12 | Investigar | Feudal Age |
| 8:12 | Investigar | Feudal Age |
| 9:54 | Crear | Villager (Male) |
| 9:56 | Crear | Villager (Male) |
| 10:31 | Edad | Edad Feudal |
| 10:37 | Construir | Market |
| 10:43 | Construir | Blacksmith |
| 11:43 | Investigar | Castle Age |
| 11:43 | Investigar | Castle Age |
| 11:59 | Investigar | Horse Collar |
| 12:06 | Construir | Farm |
| 12:07 | Construir | Farm |
| 12:11 | Construir | Farm |
| 12:29 | Construir | Farm |
| 12:37 | Construir | Farm |
| 13:10 | Investigar | Double-Bit Axe |
| 13:30 | Construir | House |
| 13:40 | Crear | Villager (Male) |
| 14:23 | Edad | Edad de los Castillos |
| 14:28 | Construir | Town Center |
| 14:43 | Crear | Villager (Male) |
| 15:01 | Construir | Town Center |
| 15:04 | Crear | Villager (Male) |
| 15:22 | Construir | House |
| 15:25 | Investigar | Bow Saw |
| 15:31 | Crear | Villager (Male) |
| 15:45 | Crear | Villager (Male) |
| 15:46 | Crear | Villager (Male) |
| 15:57 | Crear | Villager (Male) |
| 16:00 | Construir | House |
| 16:14 | Construir | Farm |
| 16:23 | Crear | Villager (Male) |
| 16:24 | Crear | Villager (Male) |
| 16:26 | Construir | Farm |
| 16:31 | Crear | Villager (Male) |
| 16:33 | Construir | Farm |
| 16:34 | Construir | Farm |
| 16:44 | Construir | Farm |
| 16:48 | Construir | House |
| 16:52 | Crear | Villager (Male) |
| 16:53 | Crear | Villager (Male) |
| 16:58 | Construir | Farm |
| 17:03 | Crear | Villager (Male) |
| 17:04 | Crear | Villager (Male) |
| 17:11 | Construir | Farm |
| 17:14 | Construir | Farm |
| 17:16 | Crear | Villager (Male) |
| 17:17 | Crear | Villager (Male) |
| 17:17 | Crear | Villager (Male) |
| 17:20 | Construir | Farm |
| 17:24 | Construir | Farm |
| 17:26 | Crear | Villager (Male) |
| 17:26 | Crear | Villager (Male) |
| 17:28 | Construir | Farm |
| 17:33 | Construir | Farm |
| 17:40 | Construir | Farm |
| 17:42 | Construir | Farm |
| 17:45 | Construir | Farm |
| 17:47 | Crear | Villager (Male) |
| 17:47 | Crear | Villager (Male) |
| 17:55 | Crear | Villager (Male) |
| 17:55 | Crear | Villager (Male) |
| 17:56 | Crear | Villager (Male) |
| 17:58 | Construir | Farm |
| 18:05 | Construir | Farm |
| 18:06 | Crear | Villager (Male) |
| 18:06 | Crear | Villager (Male) |
| 18:06 | Crear | Villager (Male) |
| 18:08 | Construir | Farm |
| 18:17 | Crear | Villager (Male) |
| 18:26 | Crear | Villager (Male) |
| 18:26 | Crear | Villager (Male) |
| 18:27 | Crear | Villager (Male) |
| 18:30 | Crear | Villager (Male) |
| 18:30 | Crear | Villager (Male) |
| 18:30 | Crear | Villager (Male) |
| 18:37 | Construir | Town Center |
| 18:37 | Crear | Villager (Male) |
| 18:38 | Crear | Villager (Male) |
| 18:48 | Construir | Farm |
| 18:50 | Crear | Villager (Male) |
| 18:57 | Construir | Farm |
| 18:59 | Construir | Farm |
| 19:03 | Crear | Villager (Male) |
| 19:03 | Crear | Villager (Male) |
| 19:14 | Investigar | Heavy Plow |
| 19:14 | Investigar | Heavy Plow |
| 19:22 | Construir | House |
| 19:23 | Construir | House |
| 19:24 | Construir | House |
| 19:29 | Crear | Villager (Male) |
| 19:29 | Crear | Villager (Male) |
| 19:33 | Construir | Farm |
| 19:35 | Crear | Villager (Male) |
| 19:39 | Crear | Villager (Male) |
| 19:39 | Crear | Villager (Male) |
| 19:44 | Construir | Farm |
| 19:46 | Crear | Villager (Male) |
| 19:50 | Crear | Villager (Male) |
| 19:51 | Crear | Villager (Male) |
| 19:58 | Construir | House |
| 19:59 | Construir | House |
| 20:04 | Construir | House |
| 20:05 | Crear | Villager (Male) |
| 20:06 | Crear | Villager (Male) |
| 20:13 | Construir | Farm |
| 20:14 | Construir | Farm |
| 20:14 | Construir | Farm |
| 20:14 | Construir | Farm |
| 20:14 | Construir | Farm |
| 20:17 | Crear | Villager (Male) |
| 20:18 | Crear | Villager (Male) |
| 20:25 | Crear | Villager (Male) |
| 20:26 | Crear | Villager (Male) |
| 20:26 | Crear | Villager (Male) |
| 20:26 | Crear | Villager (Male) |
| 20:29 | Construir | Farm |
| 20:29 | Construir | Farm |
| 20:29 | Construir | Farm |
Build order — Freidle
Primeras 150 de 407 acciones detectadas
| 0:05 | Crear | Villager (Male) |
| 0:05 | Crear | Villager (Male) |
| 0:05 | Crear | Villager (Male) |
| 0:06 | Construir | House |
| 0:07 | Construir | House |
| 0:09 | Crear | Villager (Male) |
| 1:31 | Crear | Villager (Male) |
| 2:05 | Construir | Lumber Camp |
| 2:07 | Crear | Villager (Male) |
| 2:27 | Crear | Villager (Male) |
| 2:48 | Investigar | Loom |
| 2:54 | Crear | Villager (Male) |
| 3:25 | Crear | Villager (Male) |
| 3:47 | Crear | Villager (Male) |
| 3:54 | Construir | House |
| 4:17 | Crear | Villager (Male) |
| 4:17 | Crear | Villager (Male) |
| 4:23 | Crear | Villager (Male) |
| 4:37 | Construir | Mill |
| 5:05 | Crear | Villager (Male) |
| 5:05 | Crear | Villager (Male) |
| 5:10 | Crear | Villager (Male) |
| 5:34 | Construir | House |
| 5:50 | Crear | Villager (Male) |
| 6:13 | Crear | Villager (Male) |
| 6:24 | Crear | Villager (Male) |
| 6:53 | Crear | Villager (Male) |
| 6:53 | Crear | Villager (Male) |
| 6:56 | Crear | Villager (Male) |
| 7:05 | Construir | Farm |
| 7:37 | Crear | Villager (Male) |
| 7:45 | Construir | House |
| 7:58 | Construir | Farm |
| 8:07 | Construir | Mining Camp |
| 8:53 | Investigar | Feudal Age |
| 9:12 | Construir | Barracks |
| 9:51 | Crear | Villager (Male) |
| 10:11 | Edad | Edad Feudal |
| 10:17 | Construir | Blacksmith |
| 10:22 | Crear | Villager (Male) |
| 10:22 | Crear | Villager (Male) |
| 11:00 | Construir | Market |
| 11:16 | Investigar | Double-Bit Axe |
| 11:30 | Crear | Villager (Male) |
| 12:05 | Investigar | Castle Age |
| 12:05 | Investigar | Castle Age |
| 12:31 | Construir | Farm |
| 12:42 | Investigar | Double-Bit Axe |
| 12:42 | Investigar | Double-Bit Axe |
| 12:49 | Construir | House |
| 12:54 | Investigar | Horse Collar |
| 12:55 | Investigar | Horse Collar |
| 13:34 | Crear | Villager (Male) |
| 13:34 | Crear | Villager (Male) |
| 13:41 | Edad | Edad de los Castillos |
| 13:43 | Construir | Town Center |
| 13:54 | Construir | Town Center |
| 14:02 | Investigar | Loom |
| 14:06 | Construir | Farm |
| 14:14 | Construir | Farm |
| 14:23 | Crear | Villager (Male) |
| 14:32 | Construir | Farm |
| 14:35 | Crear | Villager (Male) |
| 14:43 | Construir | Farm |
| 15:04 | Crear | Villager (Male) |
| 15:14 | Crear | Villager (Male) |
| 15:18 | Crear | Villager (Male) |
| 15:23 | Construir | Farm |
| 15:26 | Construir | Farm |
| 15:28 | Construir | Farm |
| 15:29 | Crear | Villager (Male) |
| 15:38 | Crear | Villager (Male) |
| 15:42 | Construir | Farm |
| 15:48 | Construir | Farm |
| 16:03 | Crear | Villager (Male) |
| 16:09 | Crear | Villager (Male) |
| 16:18 | Construir | Farm |
| 16:20 | Crear | Villager (Male) |
| 16:20 | Crear | Villager (Male) |
| 16:33 | Construir | Farm |
| 16:33 | Crear | Villager (Male) |
| 16:38 | Construir | Farm |
| 16:42 | Crear | Villager (Male) |
| 16:50 | Construir | Farm |
| 16:57 | Construir | Farm |
| 16:58 | Crear | Villager (Male) |
| 16:59 | Crear | Villager (Male) |
| 17:03 | Crear | Villager (Male) |
| 17:06 | Construir | Farm |
| 17:24 | Construir | Stone Wall |
| 17:25 | Construir | Stone Wall |
| 17:25 | Construir | Stone Wall |
| 17:27 | Construir | Stone Wall |
| 17:28 | Crear | Villager (Male) |
| 17:28 | Crear | Villager (Male) |
| 17:30 | Construir | House |
| 17:31 | Construir | House |
| 17:35 | Construir | Farm |
| 17:48 | Investigar | Wheelbarrow |
| 17:48 | Investigar | Wheelbarrow |
| 18:00 | Crear | Villager (Male) |
| 18:00 | Crear | Villager (Male) |
| 18:02 | Construir | Farm |
| 18:16 | Crear | Villager (Male) |
| 18:17 | Crear | Villager (Male) |
| 18:25 | Construir | Stable |
| 18:27 | Crear | Villager (Male) |
| 18:31 | Construir | House |
| 18:32 | Construir | House |
| 18:33 | Construir | House |
| 18:34 | Crear | Villager (Male) |
| 18:34 | Crear | Villager (Male) |
| 18:41 | Construir | Farm |
| 18:52 | Investigar | Bow Saw |
| 18:52 | Investigar | Bow Saw |
| 18:55 | Crear | Villager (Male) |
| 18:55 | Crear | Villager (Male) |
| 18:58 | Construir | Farm |
| 19:05 | Construir | Farm |
| 19:15 | Crear | Villager (Male) |
| 19:21 | Crear | Villager (Male) |
| 19:21 | Crear | Villager (Male) |
| 19:24 | Construir | Farm |
| 19:27 | Crear | Battle Elephant |
| 19:27 | Crear | Battle Elephant |
| 19:31 | Crear | Villager (Male) |
| 19:32 | Crear | Villager (Male) |
| 19:44 | Crear | Villager (Male) |
| 19:50 | Construir | Farm |
| 19:53 | Construir | House |
| 19:54 | Construir | House |
| 19:55 | Construir | House |
| 19:57 | Construir | Farm |
| 19:59 | Investigar | Heavy Plow |
| 19:59 | Investigar | Heavy Plow |
| 20:02 | Crear | Villager (Male) |
| 20:03 | Crear | Villager (Male) |
| 20:03 | Crear | Villager (Male) |
| 20:08 | Crear | Villager (Male) |
| 20:08 | Crear | Villager (Male) |
| 20:19 | Construir | Stable |
| 20:23 | Construir | Farm |
| 20:23 | Crear | Villager (Male) |
| 20:29 | Crear | Villager (Male) |
| 20:29 | Crear | Villager (Male) |
| 20:35 | Crear | Battle Elephant |
| 20:35 | Crear | Battle Elephant |
| 20:37 | Construir | Farm |
| 20:41 | Crear | Villager (Male) |
| 20:42 | Crear | Villager (Male) |
Build order — 整点没气质的
Primeras 150 de 480 acciones detectadas
| 0:02 | Crear | Villager (Male) |
| 0:02 | Crear | Villager (Male) |
| 0:02 | Crear | Villager (Male) |
| 0:04 | Construir | House |
| 0:05 | Construir | House |
| 0:31 | Crear | Villager (Male) |
| 1:10 | Crear | Villager (Male) |
| 1:10 | Crear | Villager (Male) |
| 1:45 | Crear | Villager (Male) |
| 1:45 | Crear | Villager (Male) |
| 2:01 | Construir | Lumber Camp |
| 2:18 | Crear | Villager (Male) |
| 2:19 | Crear | Villager (Male) |
| 2:49 | Crear | Villager (Male) |
| 3:06 | Crear | Villager (Male) |
| 3:28 | Construir | House |
| 3:37 | Crear | Villager (Male) |
| 3:37 | Crear | Villager (Male) |
| 3:38 | Crear | Villager (Male) |
| 4:08 | Construir | House |
| 4:15 | Crear | Villager (Male) |
| 4:15 | Crear | Villager (Male) |
| 5:06 | Construir | Mill |
| 5:31 | Crear | Villager (Male) |
| 5:54 | Crear | Villager (Male) |
| 6:27 | Investigar | Feudal Age |
| 6:28 | Investigar | Feudal Age |
| 6:53 | Construir | House |
| 7:24 | Construir | Barracks |
| 7:50 | Crear | Villager (Male) |
| 7:50 | Crear | Villager (Male) |
| 8:37 | Edad | Edad Feudal |
| 8:48 | Construir | Stable |
| 8:56 | Crear | Villager (Male) |
| 9:00 | Construir | Farm |
| 9:02 | Investigar | Double-Bit Axe |
| 9:27 | Crear | Scout Cavalry |
| 9:28 | Crear | Scout Cavalry |
| 9:28 | Crear | Scout Cavalry |
| 9:50 | Crear | Villager (Male) |
| 9:50 | Crear | Villager (Male) |
| 9:52 | Construir | Farm |
| 9:53 | Construir | Farm |
| 9:55 | Construir | Farm |
| 10:00 | Construir | Farm |
| 10:02 | Construir | House |
| 10:06 | Crear | Scout Cavalry |
| 10:06 | Crear | Scout Cavalry |
| 10:32 | Crear | Scout Cavalry |
| 10:37 | Crear | Villager (Male) |
| 10:44 | Investigar | Loom |
| 10:53 | Construir | Mining Camp |
| 10:58 | Crear | Villager (Male) |
| 11:05 | Construir | Farm |
| 11:07 | Crear | Villager (Male) |
| 11:20 | Crear | Scout Cavalry |
| 11:22 | Construir | Farm |
| 11:43 | Construir | Farm |
| 11:53 | Crear | Scout Cavalry |
| 11:54 | Crear | Scout Cavalry |
| 12:11 | Crear | Villager (Male) |
| 12:11 | Crear | Scout Cavalry |
| 12:15 | Construir | Farm |
| 12:29 | Crear | Villager (Male) |
| 12:38 | Crear | Villager (Male) |
| 12:46 | Construir | Blacksmith |
| 12:55 | Investigar | Town Watch |
| 12:57 | Construir | House |
| 13:06 | Crear | Scout Cavalry |
| 13:13 | Investigar | Bloodlines |
| 13:13 | Investigar | Bloodlines |
| 13:28 | Crear | Villager (Male) |
| 13:29 | Construir | Farm |
| 13:31 | Crear | Villager (Male) |
| 13:33 | Construir | Farm |
| 13:39 | Construir | House |
| 13:52 | Crear | Scout Cavalry |
| 14:17 | Crear | Villager (Male) |
| 14:19 | Construir | Farm |
| 14:26 | Construir | House |
| 14:43 | Crear | Villager (Male) |
| 14:46 | Construir | Farm |
| 14:47 | Construir | Farm |
| 14:53 | Construir | House |
| 15:13 | Crear | Villager (Male) |
| 15:16 | Construir | Farm |
| 15:36 | Crear | Villager (Male) |
| 15:44 | Construir | Farm |
| 16:04 | Crear | Villager (Male) |
| 16:13 | Construir | Market |
| 16:28 | Crear | Villager (Male) |
| 17:15 | Investigar | Castle Age |
| 17:15 | Investigar | Castle Age |
| 17:25 | Construir | Stable |
| 17:41 | Construir | Stable |
| 17:43 | Construir | House |
| 17:49 | Investigar | Horse Collar |
| 17:58 | Investigar | Scale Barding Armor |
| 18:05 | Crear | Villager (Male) |
| 18:29 | Crear | Villager (Male) |
| 18:32 | Crear | Villager (Male) |
| 18:54 | Investigar | Gold Mining |
| 19:24 | Construir | House |
| 19:25 | Construir | House |
| 19:26 | Construir | House |
| 19:55 | Edad | Edad de los Castillos |
| 20:00 | Crear | Villager (Male) |
| 20:04 | Investigar | Light Cavalry (upgrade) |
| 20:11 | Construir | Town Center |
| 20:44 | Crear | Villager (Male) |
| 20:44 | Crear | Villager (Male) |
| 20:45 | Investigar | Bow Saw |
| 20:45 | Investigar | Bow Saw |
| 20:59 | Crear | Villager (Male) |
| 21:28 | Investigar | Chain Barding Armor |
| 21:30 | Crear | Villager (Male) |
| 21:42 | Crear | Villager (Male) |
| 21:54 | Construir | Town Center |
| 22:05 | Crear | Knight |
| 22:06 | Crear | Knight |
| 22:06 | Crear | Knight |
| 22:11 | Crear | Villager (Male) |
| 22:31 | Crear | Knight |
| 22:31 | Crear | Villager (Male) |
| 22:32 | Crear | Villager (Male) |
| 22:32 | Crear | Villager (Male) |
| 22:50 | Construir | Farm |
| 22:53 | Construir | Farm |
| 22:53 | Construir | Farm |
| 22:54 | Construir | Farm |
| 22:54 | Construir | Farm |
| 22:54 | Construir | Farm |
| 23:09 | Crear | Villager (Male) |
| 23:09 | Crear | Knight |
| 23:09 | Crear | Knight |
| 23:12 | Construir | Farm |
| 23:12 | Construir | Farm |
| 23:12 | Construir | Farm |
| 23:19 | Crear | Knight |
| 23:19 | Crear | Knight |
| 23:25 | Crear | Villager (Male) |
| 23:36 | Crear | Villager (Male) |
| 23:50 | Construir | Farm |
| 23:50 | Construir | Farm |
| 23:51 | Construir | Farm |
| 23:51 | Construir | Farm |
| 23:51 | Construir | Farm |
| 23:51 | Construir | Farm |
| 24:02 | Crear | Knight |
| 24:02 | Crear | Knight |
Build order — 騎豬打仗
Primeras 150 de 552 acciones detectadas
| 0:02 | Crear | Villager (Male) |
| 0:02 | Crear | Villager (Male) |
| 0:03 | Construir | House |
| 0:05 | Construir | House |
| 0:14 | Crear | Villager (Male) |
| 0:17 | Crear | Villager (Male) |
| 1:40 | Crear | Villager (Male) |
| 2:11 | Crear | Villager (Male) |
| 2:11 | Crear | Villager (Male) |
| 2:34 | Crear | Villager (Male) |
| 2:34 | Crear | Villager (Male) |
| 2:43 | Construir | Lumber Camp |
| 2:59 | Crear | Villager (Male) |
| 3:14 | Crear | Villager (Male) |
| 3:14 | Crear | Villager (Male) |
| 3:39 | Construir | House |
| 3:42 | Crear | Villager (Male) |
| 3:42 | Crear | Villager (Male) |
| 3:44 | Crear | Villager (Male) |
| 4:32 | Crear | Villager (Male) |
| 4:33 | Crear | Villager (Male) |
| 5:01 | Crear | Villager (Male) |
| 5:01 | Crear | Villager (Male) |
| 5:19 | Crear | Villager (Male) |
| 5:19 | Crear | Villager (Male) |
| 5:27 | Crear | Villager (Male) |
| 6:26 | Construir | Mining Camp |
| 6:58 | Investigar | Feudal Age |
| 6:58 | Investigar | Feudal Age |
| 6:58 | Investigar | Feudal Age |
| 7:25 | Construir | House |
| 7:30 | Construir | House |
| 8:10 | Construir | Barracks |
| 9:00 | Investigar | Loom |
| 9:08 | Edad | Edad Feudal |
| 9:18 | Construir | Archery Range |
| 9:21 | Construir | Archery Range |
| 9:26 | Investigar | Double-Bit Axe |
| 9:27 | Crear | Villager (Male) |
| 9:27 | Crear | Villager (Male) |
| 9:46 | Crear | Villager (Male) |
| 10:07 | Construir | Mill |
| 10:17 | Crear | Archer |
| 10:18 | Crear | Archer |
| 10:18 | Crear | Archer |
| 10:19 | Crear | Villager (Male) |
| 10:19 | Crear | Villager (Male) |
| 10:19 | Crear | Villager (Male) |
| 10:42 | Construir | House |
| 10:43 | Crear | Archer |
| 10:43 | Crear | Archer |
| 10:43 | Crear | Archer |
| 10:55 | Crear | Villager (Male) |
| 10:56 | Crear | Villager (Male) |
| 11:01 | Crear | Archer |
| 11:01 | Crear | Archer |
| 11:03 | Construir | Blacksmith |
| 11:23 | Crear | Archer |
| 11:27 | Crear | Archer |
| 11:27 | Crear | Archer |
| 11:27 | Crear | Archer |
| 11:28 | Crear | Archer |
| 11:32 | Crear | Villager (Male) |
| 11:32 | Crear | Villager (Male) |
| 11:32 | Crear | Villager (Male) |
| 11:44 | Crear | Archer |
| 11:44 | Crear | Archer |
| 11:47 | Construir | House |
| 11:56 | Construir | Farm |
| 11:58 | Construir | Farm |
| 11:59 | Crear | Villager (Male) |
| 12:05 | Crear | Archer |
| 12:05 | Crear | Archer |
| 12:06 | Crear | Archer |
| 12:16 | Construir | House |
| 12:24 | Crear | Archer |
| 12:24 | Crear | Archer |
| 12:32 | Crear | Villager (Male) |
| 12:32 | Crear | Villager (Male) |
| 12:43 | Crear | Archer |
| 12:50 | Crear | Villager (Male) |
| 12:54 | Construir | Farm |
| 12:56 | Construir | Farm |
| 13:01 | Crear | Archer |
| 13:01 | Crear | Archer |
| 13:07 | Construir | Farm |
| 13:12 | Crear | Villager (Male) |
| 13:19 | Crear | Archer |
| 13:19 | Crear | Archer |
| 13:32 | Investigar | Fletching |
| 13:51 | Crear | Villager (Male) |
| 13:51 | Crear | Villager (Male) |
| 13:58 | Construir | Farm |
| 14:02 | Crear | Archer |
| 14:02 | Crear | Archer |
| 14:02 | Crear | Archer |
| 14:04 | Construir | Farm |
| 14:10 | Crear | Villager (Male) |
| 14:14 | Crear | Archer |
| 14:14 | Crear | Archer |
| 14:15 | Crear | Archer |
| 14:17 | Construir | Farm |
| 14:18 | Crear | Villager (Male) |
| 14:24 | Construir | House |
| 14:25 | Construir | House |
| 14:33 | Crear | Archer |
| 14:39 | Crear | Villager (Male) |
| 14:50 | Construir | Farm |
| 15:01 | Crear | Archer |
| 15:29 | Crear | Villager (Male) |
| 15:32 | Construir | House |
| 15:36 | Crear | Archer |
| 15:37 | Construir | Farm |
| 15:56 | Crear | Archer |
| 16:00 | Construir | Farm |
| 16:01 | Crear | Villager (Male) |
| 16:11 | Construir | House |
| 16:12 | Construir | House |
| 16:16 | Construir | House |
| 16:21 | Crear | Villager (Male) |
| 16:24 | Construir | Farm |
| 16:34 | Crear | Archer |
| 16:34 | Crear | Archer |
| 16:53 | Crear | Archer |
| 16:53 | Crear | Archer |
| 16:54 | Crear | Villager (Male) |
| 16:55 | Crear | Villager (Male) |
| 17:08 | Construir | Farm |
| 17:20 | Construir | House |
| 17:21 | Construir | House |
| 18:14 | Investigar | Castle Age |
| 18:17 | Crear | Archer |
| 18:18 | Crear | Archer |
| 18:25 | Construir | House |
| 18:35 | Investigar | Gold Mining |
| 18:43 | Investigar | Horse Collar |
| 18:43 | Investigar | Horse Collar |
| 18:44 | Investigar | Horse Collar |
| 18:45 | Crear | Archer |
| 18:46 | Crear | Archer |
| 18:57 | Construir | House |
| 19:01 | Crear | Archer |
| 19:01 | Crear | Archer |
| 19:20 | Crear | Archer |
| 19:21 | Crear | Archer |
| 19:33 | Construir | House |
| 19:34 | Construir | House |
| 19:51 | Crear | Archer |
| 19:51 | Crear | Archer |
| 20:11 | Construir | Farm |
Cronología de la partida
| 7:14 | 白龍 · first_building Barracks |
| 7:24 | 整点没气质的 · first_building Barracks |
| 7:51 | 整点幽默的 · first_building Barracks |
| 8:10 | 騎豬打仗 · first_building Barracks |
| 8:28 | Mo_Tastic · first_building Barracks |
| 8:37 | 白龍 · wall_segment Palisade Wall x1 |
| 8:37 | 整点没气质的 · age_up feudal |
| 8:41 | 白龍 · wall_segment Palisade Wall x1 |
| 8:47 | 白龍 · wall_segment Palisade Wall x1 |
| 8:48 | 整点没气质的 · first_building Stable |
| 8:48 | 白龍 · wall_segment Palisade Wall x1 |
| 8:51 | 白龍 · age_up feudal |
| 8:59 | 整点幽默的 · age_up feudal |
| 9:02 | 白龍 · first_building Stable |
| 9:06 | 整点幽默的 · first_building Archery Range |
| 9:08 | 騎豬打仗 · age_up feudal |
| 9:12 | Freidle · first_building Barracks |
| 9:18 | 騎豬打仗 · first_building Archery Range |
| 10:02 | 白龍 · wall_segment Palisade Wall x2 |
| 10:06 | 白龍 · wall_segment Palisade Wall x3 |
| 10:11 | Freidle · age_up feudal |
| 10:27 | 白龍 · wall_segment Palisade Wall x6 |
| 10:31 | tovra fans · age_up feudal |
| 10:35 | Mo_Tastic · age_up feudal |
| 10:36 | Mo_Tastic · first_building Stable |
| 12:04 | OnlyOuOb · age_up feudal |
| 12:08 | 白龍 · wall_segment Stone Wall x3 |
| 12:10 | 白龍 · wall_segment Stone Wall x3 |
| 12:11 | 白龍 · wall_segment Stone Wall x2 |
| 12:34 | Mo_Tastic · wall_segment Palisade Wall x1 |
| 12:38 | 白龍 · wall_segment Stone Wall x1 |
| 12:46 | Mo_Tastic · wall_segment Palisade Wall x1 |
| 13:37 | 白龍 · wall_segment Stone Wall x1 |
| 13:41 | Freidle · age_up castle |
| 13:50 | Freidle · first_market_buy 100 wood |
| 14:07 | Mo_Tastic · age_up castle |
| 14:19 | Mo_Tastic · first_building Monastery |
| 14:23 | tovra fans · age_up castle |
| 15:36 | OnlyOuOb · age_up castle |
| 15:43 | OnlyOuOb · first_building Castle |
| 16:23 | tovra fans · first_market_buy 100 food |
| 16:33 | OnlyOuOb · first_market_sell 100 wood |
| 16:34 | OnlyOuOb · first_market_buy 100 food |
| 17:24 | Freidle · wall_segment Stone Wall x1 |
| 17:25 | Freidle · wall_segment Stone Wall x1 |
| 17:25 | Freidle · wall_segment Stone Wall x1 |
| 17:27 | 白龍 · wall_segment Stone Wall x1 |
| 17:27 | Freidle · wall_segment Stone Wall x2 |
| 18:25 | Freidle · first_building Stable |
| 19:55 | 整点没气质的 · age_up castle |
| 20:47 | 白龍 · age_up castle |
| 20:54 | 騎豬打仗 · age_up castle |
| 21:19 | 整点幽默的 · age_up castle |
| 21:47 | tovra fans · first_building Barracks |
| 22:07 | Freidle · wall_segment Stone Wall x12 |
| 22:11 | Freidle · wall_segment Stone Wall x13 |
| 22:30 | 白龍 · first_building Siege Workshop |
| 24:51 | Freidle · first_building Castle |
| 25:14 | 騎豬打仗 · first_market_buy 100 food |
| 25:40 | tovra fans · wall_segment Stone Wall x5 |
| 25:45 | tovra fans · first_market_sell 100 food |
| 25:50 | tovra fans · first_building Monastery |
| 26:40 | Mo_Tastic · first_building Castle |
| 26:52 | 白龍 · first_market_sell 100 wood |
| 27:23 | tovra fans · first_building Stable |
| 27:33 | OnlyOuOb · first_building Monastery |
| 27:37 | tovra fans · first_building Castle |
| 27:52 | Freidle · first_building Siege Workshop |
| 28:29 | Freidle · age_up imperial |
| 28:43 | Freidle · first_market_sell 100 stone |
| 29:04 | 白龍 · first_building Monastery |
| 29:21 | Mo_Tastic · age_up imperial |
| 29:36 | 整点没气质的 · first_market_buy 100 wood |
| 29:39 | tovra fans · age_up imperial |
| 30:08 | 騎豬打仗 · first_building Monastery |
| 30:28 | 白龍 · first_building Castle |
| 30:43 | 白龍 · first_building Archery Range |
| 30:55 | 整点没气质的 · first_building Monastery |
| 31:46 | 騎豬打仗 · first_building Castle |
| 32:02 | Mo_Tastic · first_building Siege Workshop |
| 32:06 | 整点没气质的 · first_building Castle |
| 32:25 | tovra fans · wall_segment Stone Wall x11 |
| 32:29 | tovra fans · wall_segment Stone Wall x5 |
| 32:54 | OnlyOuOb · age_up imperial |
| 33:03 | 整点幽默的 · first_building Monastery |
| 33:22 | 白龍 · age_up imperial |
| 33:58 | 騎豬打仗 · age_up imperial |
| 34:00 | 整点幽默的 · first_building Castle |
| 34:07 | 白龍 · wall_segment Stone Wall x1 |
| 34:55 | 整点没气质的 · age_up imperial |
| 35:17 | 整点没气质的 · first_market_sell 100 food |
| 35:20 | Mo_Tastic · first_market_sell 500 food |
| 36:41 | 整点没气质的 · first_building Archery Range |
| 36:54 | 整点幽默的 · age_up imperial |
| 36:59 | 整点幽默的 · first_market_buy 100 wood |
| 37:18 | 整点幽默的 · first_market_sell 100 food |
| 38:17 | 白龍 · first_market_buy 100 stone |
| 38:28 | 整点没气质的 · tribute_sent a jugador 1 |
| 38:28 | 整点没气质的 · tribute_sent a jugador 2 |
| 38:28 | 整点没气质的 · tribute_sent a jugador 3 |
| 38:28 | 整点没气质的 · tribute_sent a jugador 4 |
| 38:28 | 整点没气质的 · tribute_sent a jugador 5 |
| 38:28 | 整点没气质的 · tribute_sent a jugador 6 |
| 38:28 | 整点没气质的 · tribute_sent a jugador 8 |
| 40:15 | 騎豬打仗 · wall_segment Stone Wall x5 |
| 40:26 | 騎豬打仗 · first_building Siege Workshop |
| 40:57 | OnlyOuOb · first_building Barracks |
| 41:01 | 騎豬打仗 · wall_segment Stone Wall x1 |
| 41:02 | 騎豬打仗 · wall_segment Stone Wall x1 |
| 41:04 | 騎豬打仗 · wall_segment Stone Wall x1 |
| 41:16 | 騎豬打仗 · wall_segment Stone Wall x3 |
| 41:34 | 騎豬打仗 · wall_segment Stone Wall x4 |
| 41:35 | 騎豬打仗 · wall_segment Stone Wall x4 |
| 41:58 | 騎豬打仗 · wall_segment Stone Wall x1 |
| 42:09 | tovra fans · wall_segment Stone Wall x1 |
| 42:19 | 騎豬打仗 · wall_segment Stone Wall x1 |
| 42:50 | 騎豬打仗 · wall_segment Stone Wall x1 |
| 42:51 | 騎豬打仗 · wall_segment Stone Wall x1 |
| 43:03 | 騎豬打仗 · wall_segment Stone Wall x1 |
| 43:14 | 騎豬打仗 · wall_segment Stone Wall x1 |
| 43:16 | 騎豬打仗 · wall_segment Stone Wall x1 |
| 43:17 | 騎豬打仗 · wall_segment Stone Wall x1 |
| 43:19 | 騎豬打仗 · wall_segment Stone Wall x1 |
| 43:19 | 騎豬打仗 · wall_segment Stone Wall x1 |
| 43:20 | 騎豬打仗 · wall_segment Stone Wall x1 |
| 43:20 | 騎豬打仗 · wall_segment Stone Wall x1 |
| 43:26 | 騎豬打仗 · wall_segment Stone Wall x1 |
| 43:27 | 騎豬打仗 · wall_segment Stone Wall x1 |
| 43:31 | 騎豬打仗 · wall_segment Stone Wall x1 |
| 43:32 | 騎豬打仗 · wall_segment Stone Wall x1 |
| 43:32 | 騎豬打仗 · wall_segment Stone Wall x1 |
| 43:56 | OnlyOuOb · resign |
[ ANÁLISIS IA · 1 CRÉDITO ]
¿Qué pasó realmente en esta partida?
Wolo.gg analiza cada decisión: build order, eco, micro, errores típicos por bracket. Análisis personalizado por WhatsApp o Discord en 30 segundos.
Guía civ
Britanos
Perfil
OnlyOuOb